 Dungeon Crawl Stone Soup version 0.22.1-6-g1668fe2c40 (webtiles) character file.

36514 Gargoyl the Cleaver (level 13, -2/108 HPs)
             Began as a Centaur Abyssal Knight on Jan 27, 2019.
             Was a High Priest of Lugonu.
             Slain by a torpor snail (17 damage)
             ... on level 6 of the Lair of Beasts.
             The game lasted 00:36:31 (26035 turns).

Gargoyl the Cleaver (Centaur Abyssal Knight)       Turns: 26035, Time: 00:36:32

Health: -2/108     AC: 24    Str: 18    XL:     13   Next: 53%
Magic:  20/20      EV:  9    Int: 11    God:    Lugonu [*****.]
Gold:   1118       SH:  9    Dex: 11    Spells: 12/12 levels left

rFire    . . .     SeeInvis .   A - +1 war axe (flame)
rCold    + . .     Gourm    .   I - +0 shield
rNeg     + + .     Faith    .   d - +6 scale mail "Essann" {rPois rN++}
rPois    +         Spirit   .   f - +0 helmet
rElec    .         Reflect  .   u - +2 cloak
rCorr    .         Harm     .   D - +2 pair of gloves
MR       .....                  (no barding)
Stlth    ..........             (no amulet)
HPRegen  0.28/turn              r - ring of protection from cold
MPRegen  0.17/turn              (no ring)

@: slowed
A: large, hooves 3, molten scales 1, deformed body, speed 2, sense surroundings
1, tough skin 3
a: Depart the Abyss, Bend Space, Banish, Corrupt, Enter the Abyss, Renounce
Religion


You were on level 6 of the Lair of Beasts.
You worshipped Lugonu.
Lugonu was extremely pleased with you.
You were not hungry.

You visited 2 branches of the dungeon, and saw 14 of its levels.
You visited the Abyss 1 time.

You collected 1118 gold pieces.

Inventory:

Hand Weapons
 a - a +3 hand axe
 x - a +3 battleaxe
 A - a +1 war axe of flaming (weapon)
Missiles
 z - 5 javelins (quivered)
Armour
 d - the +6 scale mail "Essann" (worn) {rPois rN++}
   (You found it on level 4 of the Abyss)

   It protects you from poison.
   It greatly protects you from negative energy.
 f - a +0 helmet (worn)
 u - a +2 cloak (worn)
 D - a +2 pair of gloves (worn)
 I - a +0 shield (worn)
Jewellery
 r - a ring of protection from cold (left hand)
Wands
 w - a wand of scattershot (3)
 y - a wand of enslavement (1)
 F - a wand of random effects (56)
 G - a wand of paralysis (19)
 H - a wand of disintegration (28)
 J - a wand of clouds (5)
Scrolls
 i - 5 scrolls of remove curse
 j - 5 scrolls of identify
 n - 4 scrolls of teleportation
 o - 2 scrolls of fear
 t - 4 scrolls of blinking
 C - 3 scrolls of fog
 L - 5 scrolls of amnesia
Potions
 b - 3 potions of might
 e - a potion of brilliance
 g - a potion of magic
 h - 3 potions of lignification
 k - 2 potions of heal wounds
 l - 2 potions of haste
 p - 2 potions of resistance
 q - a potion of cancellation
 s - 3 potions of curing
 v - 4 potions of invisibility
 B - a potion of agility
 E - a potion of flight
Comestibles
 c - 21 rations


   Skills:
 + Level 8.5 Fighting
 + Level 11.4 Axes
 + Level 0.9 Throwing
 * Level 9.6 Armour
 * Level 7.2 Dodging
 + Level 3.2 Shields
 * Level 10.4 Invocations


You had 12 spell levels left.
You didn't know any spells.
Your spell library contained the following spells:

 Spells                   Type           Power        Failure   Level  Hunger
 Animate Skeleton         Necr           N/A          97%         1    ##.....
 Apportation              Tloc           #.....       97%         1    ##.....
 Confusing Touch          Hex            #.....       97%         1    ##.....
 Summon Small Mammal      Summ           #...         97%         1    ##.....


Dungeon Overview and Level Annotations

Branches:
Dungeon (8/15)             Temple (0/1) D:4            Lair (6/6) D:8
  Swamp (0/4) Lair:2       Spider (0/4) Lair:2        Slime (0/5) Lair:5

Altars:
Fedhas
Hepliaklqana
Kikubaaqudgha
Nemelex Xobeh
Okawaru
Ru
The Shining One
Jiyva

Annotations:
Lair:1 3 runed doors, chimenez's ghost, journeyman NaTm
Lair:3 exclusion: oklob plant
Lair:6 4 runed doors, Kohma's ghost, journeyman TrMo
Abyss:1 Sonja


Innate Abilities, Weirdness & Mutations

You have hooves in place of feet.
Armour fits poorly on your strangely shaped body.
You cover ground very quickly.
You have extremely tough skin. (AC +3)
You are partially covered in molten scales. (AC +2)
You passively map a small area around you.


Message History

You hit the torpor snail but do no damage.
The lindwurm breathes flames at you. The blast of flame hits you!
You block the torpor snail's attack. You block the lindwurm's attack.
The lindwurm claws you but does no damage. x2
You slash the lindwurm! You burn the lindwurm. You kick the lindwurm.
The lindwurm is almost dead.
You hit the torpor snail but do no damage.
The torpor snail bites you. The lindwurm breathes flames at you.
The blast of flame hits you!
* * * LOW HITPOINT WARNING * * *
You hit the lindwurm. You burn the lindwurm.
You kill the lindwurm!
Lugonu accepts your kill.
You hit the torpor snail. You burn the torpor snail.
The torpor snail bites you!!
* * * LOW HITPOINT WARNING * * *
You feel better. The torpor snail bites you!
You die...

* * ######## , *
#.##.P.### ,, , *
##........##
,###....#.#...###
#..#.w@..#####...=##
, * #.....##.#
###..8# *
#.....###### ##...##
* ,#......#.
##...#+**
*,......#*# #..### *
, ....=# * ##..# * ,
#.#.. * ###..## ,
##.#. , #....# *, ,
, , ##..##### ,


You could see a torpor snail.

Vanquished Creatures
  Rupert (Lair:5)
  8 hydras
  4 death yaks
  Urug (Lair:3)
  A lindwurm (Lair:6)
  6 elephants (Lair:2)
  4 black mambas
  12 spiny frogs
  4 torpor snails (Lair:6)
  4 komodo dragons
  2 rime drakes
  A polar bear (Lair:6)
  11 blink frogs
  7 hornets (Lair:6)
  4 tyrant leeches
  8 hippogriffs
  2 redbacks (Lair:2)
  2 wyverns
  Eustachio (D:5)
  9 yaks
  2 basilisks
  Menkaure (D:5)
  Edmund (D:5)
  A swamp worm (Lair:2)
  10 water moccasins
  7 porcupines
  2 ice beasts
  An orc warrior (D:8)
  2 sky beasts
  3 black bears (D:8)
  7 wolves (Lair:4)
  2 ogres
  2 phantoms
  2 centaurs
  10 crocodiles
  7 bullfrogs
  A gnoll sergeant (D:5)
  A scorpion (D:4)
  5 wights
  2 electric eels (Lair:2)
  A howler monkey (D:6)
  A bullfrog zombie (D:6)
  A crimson imp (D:5)
  3 hounds
  2 jellies (D:8)
  3 gnoll shamans
  3 orc priests (D:6)
  A centaur skeleton (D:6)
  4 orc wizards
  Crazy Yiuf (D:4)
  A bullfrog skeleton (D:5)
  7 iguanas
  7 worker ants
  Natasha (twice) (D:2)
  A hound zombie (D:6)
  A worker ant zombie (D:5)
  Robin (D:2)
  35 gnolls
  10 adders
  A howler monkey skeleton (D:8)
  A shadow imp (D:8)
  2 oozes
  An adder skeleton (D:6)
  A dart slug (D:2)
  6 leopard geckos
  16 orcs
  4 giant cockroaches
  9 hobgoblins
  20 jackals
  4 quokkas
  3 ball pythons
  7 bats
  8 frilled lizards
  14 goblins
  7 kobolds
  6 rats
  4 fungi
360 creatures vanquished.

Vanquished Creatures (others)
  A black mamba (Lair:6)
  A spiny frog (Lair:1)
  17 fungi
  25 plants
44 creatures vanquished.

Grand Total: 404 creatures vanquished

Notes
Turn   | Place    | Note
-------+----------+-------------------------------------------
     0 | Abyss:1  | Gargoyl the Centaur Abyssal Knight began the quest for the
                  | Orb.
     0 | Abyss:1  | Reached XP level 1. HP: 19/19 MP: 2/2
    38 | Abyss:1  | Found a corrupted altar of Lugonu.
    77 | Abyss:3  | Noticed a large abomination
    96 | Abyss:4  | Got a smoking scale mail
   107 | Abyss:4  | Identified the +6 scale mail "Essann" {rPois rN++} (You
                  | found it on level 4 of the Abyss)
   149 | Abyss:4  | Noticed a large abomination
   177 | Abyss:4  | Noticed a raiju
   177 | Abyss:4  | Noticed a small abomination
   178 | D:1      | Escaped the Abyss
   634 | D:1      | Reached * piety under Lugonu
   634 | D:1      | Reached XP level 2. HP: 26/26 MP: 3/3
   718 | D:1      | Reached skill level 2 in Axes
   799 | D:1      | Reached skill level 1 in Dodging
   799 | D:1      | Reached XP level 3. HP: 31/31 MP: 4/4
   997 | D:2      | Noticed Robin
  1015 | D:2      | Killed Robin
  1141 | D:2      | Found an ancient bone altar of Kikubaaqudgha.
  1150 | D:2      | Reached ** piety under Lugonu
  1278 | D:2      | Reached XP level 4. HP: 38/38 MP: 5/5
  1477 | D:2      | Noticed Natasha
  1487 | D:2      | Killed Natasha
  1739 | D:2      | Noticed Natasha
  1744 | D:2      | Killed Natasha
  1979 | D:3      | Reached skill level 3 in Axes
  1991 | D:3      | Reached XP level 5. HP: 46/46 MP: 7/7
  2091 | D:3      | Found an iron altar of Okawaru.
  2146 | D:3      | Noticed a phantom
  2173 | D:3      | Killed a phantom
  2764 | D:4      | Reached XP level 6. HP: 51/52 MP: 8/8
  2926 | D:4      | Found a staircase to the Ecumenical Temple.
  3143 | D:4      | Reached *** piety under Lugonu
  3143 | D:4      | Reached skill level 4 in Axes
  3320 | D:4      | Reached XP level 7. HP: 38/59 MP: 9/9
  3563 | D:4      | Found a runed door.
  3677 | D:4      | Noticed Crazy Yiuf
  3686 | D:4      | Killed Crazy Yiuf
  3825 | D:5      | Entered Level 5 of the Dungeon
  4097 | D:5      | Noticed Menkaure
  4108 | D:5      | Killed Menkaure
  4400 | D:5      | Reached skill level 5 in Axes
  4404 | D:5      | Noticed Eustachio
  4425 | D:5      | Killed Eustachio
  4425 | D:5      | Reached XP level 8. HP: 59/67 MP: 11/11
  5223 | D:5      | Reached **** piety under Lugonu
  5474 | D:5      | Reached skill level 5 in Invocations
  5486 | D:5      | Reached skill level 6 in Axes
  5699 | D:5      | Found a sacrificial altar of Ru.
  5932 | D:5      | Noticed Edmund
  5975 | D:5      | Killed Edmund
  5975 | D:5      | Reached skill level 5 in Fighting
  6434 | D:6      | Found a hazy altar of Hepliaklqana.
  6466 | D:5      | Reached XP level 9. HP: 59/74 MP: 11/13
  6834 | D:6      | Found a glowing golden altar of the Shining One.
  7607 | D:7      | Reached skill level 7 in Axes
  7880 | D:7      | Got a distressingly furry ring mail
  7891 | D:7      | Identified the +4 ring mail of the Pit {rPois Int+2} (You
                  | found it on level 7 of the Dungeon)
  8449 | D:8      | Found a glowing golden altar of the Shining One.
  8449 | D:8      | Found a blossoming altar of Fedhas.
  8515 | D:8      | Reached skill level 5 in Armour
  8525 | D:8      | Found a sparkling altar of Nemelex Xobeh.
  8858 | D:8      | Reached skill level 8 in Axes
  8858 | D:8      | Reached XP level 10. HP: 82/83 MP: 14/14
  8869 | D:8      | Reached ***** piety under Lugonu
  9192 | D:8      | Found a staircase to the Lair.
  9594 | Lair:1   | Entered Level 1 of the Lair of Beasts
  9790 | Lair:1   | Noticed a black mamba
  9791 | Lair:1   | Found a runed gate.
  9791 | Lair:1   | Noticed a spiny frog
  9791 | Lair:1   | Noticed chimenez's ghost (journeyman NaTm)
  9792 | Lair:1   | Found a runed gate.
  9792 | Lair:1   | Found a runed gate.
 10017 | Lair:1   | Noticed a spiny frog
 10017 | Lair:1   | Noticed a spiny frog
 10222 | Lair:2   | Noticed an elephant
 10222 | Lair:2   | Noticed an elephant
 10222 | Lair:2   | Noticed an elephant
 10223 | Lair:2   | Noticed an elephant
 10228 | Lair:2   | Noticed an elephant
 10230 | Lair:2   | Noticed an elephant
 10242 | Lair:2   | Killed an elephant
 10257 | Lair:2   | Killed an elephant
 10267 | Lair:2   | Killed an elephant
 10282 | Lair:2   | HP: 4/83 [elephant (15)]
 10690 | Lair:1   | Killed a spiny frog
 10723 | Lair:1   | Banished a spiny frog
 10730 | Lair:1   | Reached skill level 9 in Axes
 11021 | Lair:1   | Noticed a spiny frog
 11022 | Lair:1   | Noticed a spiny frog
 11027 | Lair:1   | Killed a spiny frog
 11033 | Lair:1   | Killed a spiny frog
 11033 | Lair:1   | Reached skill level 5 in Dodging
 11570 | Lair:2   | Killed an elephant
 11570 | Lair:2   | Reached XP level 11. HP: 86/91 MP: 16/16
 13672 | Lair:2   | Found a staircase to the Swamp.
 13715 | Lair:2   | Found a hole to the Spider Nest.
 14173 | Lair:3   | Noticed an eight-headed hydra
 14191 | Lair:3   | Killed a four-headed hydra
 14536 | Lair:3   | Gained mutation: You are partially covered in molten
                  | scales. (AC +2) [potion of mutation]
 14536 | Lair:3   | Gained mutation: You passively map a small area around you.
                  | [potion of mutation]
 14631 | Lair:3   | Noticed an eight-headed hydra
 14656 | Lair:3   | Killed a three-headed hydra
 14951 | Lair:3   | Noticed a four-headed hydra
 14962 | Lair:3   | Killed a one-headed hydra
 15034 | Lair:3   | Noticed an oklob plant
 15795 | Lair:4   | Noticed Urug
 15833 | Lair:3   | Killed Urug
 15833 | Lair:3   | Reached skill level 10 in Axes
 16131 | Lair:4   | Noticed a seven-headed hydra
 16162 | Lair:4   | Killed a two-headed hydra
 16162 | Lair:4   | Reached skill level 1 in Shields
 16208 | Lair:4   | Noticed a seven-headed hydra
 16219 | Lair:4   | Killed a one-headed hydra
 16219 | Lair:4   | Reached XP level 12. HP: 55/100 MP: 18/18
 16928 | Lair:4   | Noticed a six-headed hydra
 16937 | Lair:4   | Killed a one-headed hydra
 17108 | Lair:4   | Noticed a death yak
 17108 | Lair:4   | Noticed a death yak
 17109 | Lair:4   | Noticed a death yak
 17116 | Lair:4   | Noticed a death yak
 17136 | Lair:4   | Killed a death yak
 17667 | Lair:4   | Noticed a five-headed hydra
 17680 | Lair:4   | Killed a one-headed hydra
 17812 | Lair:4   | Noticed Sonja
 17813 | Lair:4   | Banished Sonja
 18380 | Lair:3   | Killed a death yak
 18577 | Lair:4   | Killed a death yak
 19247 | Lair:4   | Killed a death yak
 19498 | Lair:5   | Noticed a four-headed hydra
 19510 | Lair:5   | Killed a one-headed hydra
 19713 | Lair:5   | Noticed Rupert
 19783 | Lair:5   | Killed Rupert
 20075 | Lair:5   | Noticed a death yak
 20075 | Lair:5   | Noticed a death yak
 20090 | Lair:5   | Noticed a death yak
 20090 | Lair:5   | Noticed a death yak
 20091 | Lair:5   | Noticed a death yak
 21170 | Lair:5   | Reached XP level 13. HP: 107/107 MP: 20/20
 21174 | Lair:5   | Reached skill level 11 in Axes
 21307 | Lair:5   | Found a staircase to the Slime Pits.
 21308 | Lair:5   | Found a viscous altar of Jiyva.
 21913 | Lair:6   | Entered Level 6 of the Lair of Beasts
 22175 | Lair:6   | Found a runed gate.
 22175 | Lair:6   | Found a runed gate.
 22175 | Lair:6   | Found a runed gate.
 22246 | Lair:6   | Reached skill level 10 in Invocations
 22421 | Lair:6   | Noticed Kohma's ghost (journeyman TrMo)
 23705 | Lair:6   | Got a bound platinum amulet
 24056 | Lair:5   | Identified the amulet "Naptol" {Faith MR- Str+8} (You found
                  | it on level 6 of the Lair of Beasts)
 24067 | Lair:6   | Paralysed by a hornet for 1 turns
 25133 | Lair:6   | Found a runed door.
 26035 | Lair:6   | Slain by a torpor snail

Skill      XL: |  1  2  3  4  5  6  7  8  9 10 11 12 13 |
---------------+----------------------------------------+-----
Axes           | 2 3 4 5 6 8 9 10 11 | 11.4
Dodging        | 1 2 3 4 5 6 7 |  7.2
Armour         | 2 3 4 5 6 8 9 |  9.6
Invocations    | 3 4 5 6 7 8 9 10 | 10.4
Fighting       | 4 5 6 7 8 |  8.5
Shields        | 1 2 3 |  3.2
Throwing       | |  0.9

Action                   |  1- 3 |  4- 6 |  7- 9 | 10-12 | 13-15 || total
-------------------------+-------+-------+-------+-------+-------++-------
Melee: Hand axe          |    85 |   165 |   322 |       |       ||   572
       Kick              |    11 |    18 |   107 |   199 |    89 ||   424
       War axe           |       |       |   125 |   544 |   385 ||  1054
       Battleaxe         |       |       |    53 |   117 |       ||   170
Throw: Javelin           |       |       |       |    14 |     3 ||    17
Invok: Depart the Abyss  |     1 |       |       |       |       ||     1
       Banish            |       |       |       |     2 |     1 ||     3
       Bend Space        |       |       |       |     2 |       ||     2
Evoke: Wand              |       |       |     1 |       |       ||     1
  Use: Scroll            |     3 |     5 |     4 |    16 |     2 ||    30
       Potion            |       |       |       |     9 |     1 ||    10
  Eat: Chunk             |       |     6 |    16 |    15 |     3 ||    40
       Ration            |       |       |       |     6 |     4 ||    10
Armor: Scale mail        |    68 |   134 |   378 |   616 |   180 ||  1376
Dodge: Dodged            |    49 |    64 |   207 |   335 |   117 ||   772
Block: Shield            |       |       |       |   184 |   165 ||   349
